 Dungeon Sprint DCSS version 0.21.1-1-g345015f (webtiles) character file.

5704 Fang the Warrior (level 10, -1/108 HPs)
             Began as a Minotaur Berserker on May 24, 2018.
             Was the Champion of Trog.
             Slain by a stone giant (23 damage)
             ... in the Dungeon (Sprint V: "Ziggurat Sprint").
             The game lasted 00:03:26 (456 turns).

Fang the Warrior (Minotaur Berserker)                Turns: 456, Time: 00:03:26

Health: -1/108     AC: 13    Str: 31    XL:     10   Next: 48%
Magic:  3/3        EV: 14    Int: 10    God:    Trog [******]
Gold:   0          SH:  0    Dex: 10    Spells: 9/9 levels left

rFire    . . .     SeeInvis .   E - +3 battleaxe (antimagic)
rCold    . . .     Gourm    +   (shield currently unavailable)
rNeg     . . .     Faith    .   D - +1 scale mail {MR+}
rPois    +         Spirit   .   (helmet restricted)
rElec    .         Reflect  .   (no cloak)
rCorr    .         Harm     .   B - +2 pair of gloves "Liroji Wita" {Int+6}
MR       +....     NoTele   +   (no boots)
Stlth    +.........             k - amulet "Ymotas" {Gourm rPois Slay+3}
HPRegen  0.28/turn              G - ring of flight
MPRegen  0.08/turn              F - +6 ring of strength

@: berserk cooldown, slowed, very slow
A: retaliatory headbutt, horns 2
a: Berserk, Trog's Hand, Brothers in Arms, Burn Spellbooks, Renounce Religion,
Evoke Flight


You were in the Dungeon.
You worshipped Trog.
Trog was exalted by your worship.
You were very hungry.

You visited 1 branch

Inventory:

Hand Weapons
 l - a +2 executioner's axe of chopping
 C - a +0 hand axe of freezing
 E - a +3 antimagic battleaxe (weapon)
Armour
 B - the +2 pair of gloves "Liroji Wita" (worn) {Int+6}
   (You found it in the Dungeon)

   It affects your intelligence (+6).
 D - a +1 scale mail of magic resistance (worn)
Jewellery
 j - the ring of the Morning {AC+6 Stlth+}
   (You found it in the Dungeon)

   [ring of protection]

   It affects your AC (+6).
   It makes you more stealthy.
 k - the amulet "Ymotas" (around neck) {Gourm rPois Slay+3}
   (You found it in the Dungeon)

   [amulet of the gourmand]

   It allows you to eat raw meat even when not hungry.
   It affects your accuracy and damage with ranged weapons and melee attacks
   (+3).
   It protects you from poison.
 A - an uncursed ring of fire
 F - a +6 ring of strength (right hand)
 G - a ring of flight (left hand)
Wands
 x - a wand of disintegration (7)
 y - a wand of iceblast (7)
 z - a wand of acid (7)
Scrolls
 b - 4 scrolls of enchant armour
 i - 4 scrolls of blinking
 m - 7 scrolls of fog
 n - a scroll of holy word
 o - 5 scrolls of identify
 p - 5 scrolls of remove curse
 q - 2 scrolls of fear
Potions
 d - 10 potions of curing
 e - 10 potions of heal wounds
 f - 6 potions of haste
 g - 7 potions of magic
 h - 3 potions of berserk rage
 r - 2 potions of brilliance
 s - 2 potions of invisibility
 t - 4 potions of resistance
 v - 5 potions of agility
 w - 5 potions of might
Miscellaneous
 u - a sack of spiders
Comestibles
 a - 11 chunks of flesh
 c - 9 rations


   Skills:
 + Level 16.4 Fighting
 + Level 16.1(16.5) Axes
   Level 6.7(12.5) Polearms
 + Level 9.9 Armour
 + Level 9.0 Dodging
 + Level 2.7 Stealth


You had 9 spell levels left.
You didn't know any spells.

Dungeon Overview and Level Annotations

Branches:
Dungeon (1/1)

Altars:
Ashenzari
Cheibriados
Dithmenos
Elyvilon
Fedhas
Gozag
Hepliaklqana
Kikubaaqudgha
Makhleb
Nemelex Xobeh
Okawaru
Qazlal
Ru
Sif Muna
Trog
Uskayaw
Vehumet
Wu Jian
Xom
Yredelemnul
Zin
The Shining One
Beogh
Jiyva
Lugonu

Annotations:
D 1 transporter


Innate Abilities, Weirdness & Mutations

You reflexively headbutt those who attack you in melee.
You have a pair of horns on your head.


Message History

You slice the stone giant!!
The stone giant is heavily wounded.
Your scale mail prevents you from hitting the yaktaur.
You slash the vault guard!
The vault guard hits you with a +2 vampiric triple sword!
The yaktaur unwields an uncursed arbalest.
The yaktaur completely misses you. You furiously retaliate!
You headbutt the yaktaur. The stone giant hits you!
* * * LOW HITPOINT WARNING * * *
The yaktaur misses you.
You slice the stone giant!!
The stone giant is almost dead.
You slash the yaktaur! x2; You barely miss the vault guard.
The yaktaur barely misses you. You furiously retaliate!
You headbutt the yaktaur!
The vault guard hits you with a +2 vampiric triple sword.
* * * LOW HITPOINT WARNING * * *
The vault guard draws strength from your wounds!
The stone giant hits you!!
You die...

▓▓▓▓▓▓▓▓▓
▓..8©8..▓
▓..[):..▓
▓..=))..▓
▓.......▓
▓.......▓
▓.......▓
▓.cCp)..▓
▓.▓@c.▓.▓
▓...©...▓
▓▓▓▓▓▓▓▓▓


You could see a stone giant, a vault guard and 2 yaktaurs.

Vanquished Creatures
  An ice dragon (D)
  A dancing weapon (D)
  2 deep elf knights (D)
  A komodo dragon (D)
  An air elemental (D)
  2 spriggans (D)
  A fire elemental (D)
  A water moccasin (D)
  3 porcupines (D)
  3 wolves (D)
  A crocodile (D)
  A bullfrog (D)
  A quasit (D)
  An iguana (D)
  2 adders (D)
  A white imp (D)
  A jackal (D)
  2 ball pythons (D)
26 creatures vanquished.

Vanquished Creatures (others)
  A spatial maelstrom (D)
1 creature vanquished.

Grand Total: 27 creatures vanquished

Notes
Turn   | Place    | Note
-------+----------+-------------------------------------------
     0 | D        | Found the +6 Majin-Bo {vamp, Archmagi MP+6 Int+6}
     0 | D        | Found the +7 great mace "Firestarter" {inner flame, rF++}
     0 | D        | Fang the Minotaur Berserker began the quest for the Orb.
     0 | D        | Reached XP level 1. HP: 19/19 MP: 0/0
     5 | D        | Found a blossoming altar of Fedhas.
     5 | D        | Banished a spatial maelstrom
     6 | D        | Found a viscous altar of Jiyva.
     6 | D        | Found a hazy altar of Hepliaklqana.
     6 | D        | Found a transporter.
     6 | D        | Found an opulent altar of Gozag.
     6 | D        | Found an ancient bone altar of Kikubaaqudgha.
     6 | D        | Found a corrupted altar of Lugonu.
    12 | D        | Found a burning altar of Makhleb.
    13 | D        | Found a stormy altar of Qazlal.
    13 | D        | Found a sacrificial altar of Ru.
    13 | D        | Found an iron altar of Okawaru.
    13 | D        | Found a deep blue altar of Sif Muna.
    13 | D        | Found a sparkling altar of Nemelex Xobeh.
    13 | D        | Found a bloodstained altar of Trog.
    79 | D        | Entered arena 2.
    79 | D        | Noticed a quasit
    79 | D        | Found a transporter.
    84 | D        | Killed a quasit
    84 | D        | Reached skill level 5 in Fighting
    84 | D        | Reached skill level 5 in Axes
    84 | D        | Reached XP level 2. HP: 30/30 MP: 1/1
    84 | D        | Reached XP level 3. HP: 37/37 MP: 2/2
   128 | D        | Entered arena 3.
   128 | D        | Noticed a porcupine
   128 | D        | Noticed a porcupine
   128 | D        | Found a transporter.
   132 | D        | Killed a porcupine
   132 | D        | Reached ** piety under Trog
   132 | D        | Reached skill level 1 in Polearms
   132 | D        | Reached XP level 4. HP: 49/49 MP: 3/3
   132 | D        | Reached XP level 5. HP: 56/56 MP: 4/4
   134 | D        | Killed a porcupine
   134 | D        | Reached skill level 5 in Armour
   152 | D        | Reached *** piety under Trog
   176 | D        | Entered arena 4.
   176 | D        | Noticed a spriggan
   176 | D        | Noticed a wolf
   176 | D        | Noticed a wolf
   176 | D        | Noticed a spriggan
   176 | D        | Found a transporter.
   182 | D        | Killed a wolf
   182 | D        | Reached skill level 10 in Fighting
   182 | D        | Reached skill level 10 in Axes
   182 | D        | Reached XP level 6. HP: 67/67 MP: 5/5
   183 | D        | Killed a spriggan
   183 | D        | Reached skill level 5 in Dodging
   185 | D        | Reached **** piety under Trog
   185 | D        | Reached XP level 7. HP: 75/75 MP: 6/6
   192 | D        | Killed a spriggan
   211 | D        | Got the +2 pair of gloves "Liroji Wita" {Int+6}
   249 | D        | Entered arena 5.
   249 | D        | Noticed a hand axe of freezing
   249 | D        | Noticed a fire elemental
   249 | D        | Noticed an air elemental
   249 | D        | Noticed a deep elf knight
   249 | D        | Found a transporter.
   253 | D        | Killed an air elemental
   254 | D        | Killed a hand axe of freezing
   254 | D        | Reached skill level 5 in Polearms
   254 | D        | Reached XP level 8. HP: 86/86 MP: 7/7
   256 | D        | Reached ***** piety under Trog
   259 | D        | Killed a deep elf knight
   271 | D        | Got the amulet "Ymotas" {Gourm rPois Slay+3}
   338 | D        | Entered arena 6.
   338 | D        | Found a transporter.
   343 | D        | Received a gift from Trog
   356 | D        | Got the ring of the Morning {AC+6 Stlth+}
   378 | D        | Reached XP level 9. HP: 96/96 MP: 2/8
   389 | D        | Entered arena 7.
   389 | D        | Noticed a komodo dragon
   390 | D        | Found a transporter.
   392 | D        | Reached XP level 10. HP: 104/104 MP: 3/9
   393 | D        | Reached skill level 15 in Fighting
   395 | D        | Reached skill level 15 in Axes
   396 | D        | Received a gift from Trog
   445 | D        | Entered arena 8.
   445 | D        | Noticed a vault guard
   445 | D        | Noticed a stone giant
   445 | D        | Noticed a deep elf knight
   445 | D        | Noticed an ice dragon
   447 | D        | Found a transporter.
   452 | D        | Killed an ice dragon
   453 | D        | Killed a deep elf knight
   453 | D        | Reached ****** piety under Trog
   456 | D        | Slain by a stone giant

Skill      XL: |  1  2  3  4  5  6  7  8  9 10 |
---------------+-------------------------------+-----
Fighting       | 5 8 10 11 13 14 16 | 16.4
Axes           | 5 8 10 11 13 14 16 | 16.1
Armour         | 3 4 5 6 8 9 |  9.9
Dodging        | 3 4 5 6 8 9 |  9.0
Polearms       | 1 2 5 6 |  6.7
Stealth        | 2 |  2.7

Action                   |  1- 3 |  4- 6 |  7- 9 | 10-12 || total
-------------------------+-------+-------+-------+-------++-------
Melee: Demon trident     |     7 |    11 |    16 |       ||    34
       Headbutt          |     1 |       |     1 |     5 ||     7
       Hand axe          |       |       |     6 |       ||     6
       Battleaxe         |       |       |     1 |    10 ||    11
Invok: Berserk           |     2 |     1 |     2 |     1 ||     6
       Burn Spellbooks   |       |     1 |       |     1 ||     2
  Use: Potion            |       |       |     1 |       ||     1
  Eat: Chunk             |       |       |     2 |     2 ||     4
Armor: Shadow dragon sca |     6 |     8 |     5 |       ||    19
       Scale mail        |       |       |     5 |     4 ||     9
Dodge: Dodged            |     3 |     8 |    12 |    12 ||    35
